AoeStats
← Dieguin

Four Lakes

509202430Analyzed
1v1 RM · 7d ago on Sep 25, 2026· 23m 39s· 2 players
Game mode
Random Map
Map size
Tiny (2 player)
Population
200
Speed
Normal
Resources
Standard
Victory
Conquest
Starting age
Dark Age
Ending age
Imperial Age
RankedLock teamsTeams togetherTeam positionsShared explorationLock speedFull tech treeHidden civsTurbo modeCheats
Victory
Defeat
🇧🇷 Portuguese · Brazil
725
+16
🇨🇴 Cumans · Colombia
728
-16
VkA | Jejé
9:03 Loom
11:41 Feudal Age
17:31 Castle Age
16:19 Double-Bit Axe
17:00 Padded Archer Armor
17:13 Horse Collar
17:57 Crossbowman
22:08 Thumb Ring
Dieguin
6:46 Loom
9:37 Feudal Age
10:18 Double-Bit Axe
Connection lost

Rejoining the realm…

Still unreachable

The connection could not be restored.

Session expired

The server has moved on; the page needs a fresh start.